 Dungeon Crawl Stone Soup version 0.31-a0-187-gba352fbbf7 (webtiles) character file.

Game seed: 13983640102527793072

871 soulesssniper the Trooper (level 8, 0/51 HPs)
             Began as a Gargoyle Fighter on June 22, 2023.
             Was an Initiate of Qazlal.
             Splashed by a jelly's acid (2 damage)
             ... on level 5 of the Dungeon.
             The game lasted 00:13:46 (4663 turns).

soulesssniper the Trooper (Gargoyle Fighter)        Turns: 4663, Time: 00:13:47

Health: 0/51       AC:  3    Str: 22    XL:     8   Next: 3%
Magic:  8/8        EV:  9    Int:  9    God:    Qazlal [......]
Gold:   281        SH:  5    Dex: 15    Spells: 7/7 levels left

rFire   . . .        j - +4 whip
rCold   . . .        c - +0 buckler
rNeg    + . .        b - +0 scale mail
rPois   ∞            (no helmet)
rElec   +            (no cloak)
rCorr   .            u - +1 pair of gloves
SInv    .            (no boots)
Will    .....        (no amulet) Stlth
                     y - +6 ring of dexterity
HPRegen 0.28/turn    (no ring)
MPRegen 0.11/turn

%: no passive effects
@: corroded
A: sickness immunity, AC +5, negative energy resistance 1, electricity
resistance, torment resistance 1, petrification resistance
a: Renounce Religion


You were on level 5 of the Dungeon.
You worshipped Qazlal.
Qazlal was noncommittal.
You visited 2 branches of the dungeon, and saw 6 of its levels.

You collected 281 gold pieces.

Inventory:

Hand Weapons
 a - a +0 flail
 j - a +4 whip (weapon)
 r - a +0 flail of protection
Missiles
 z - 6 poisoned darts (quivered)
Armour
 b - a +0 scale mail (worn)
 c - a +0 buckler (worn)
 u - a +1 pair of gloves (worn)
 v - a +0 hat
Jewellery
 e - an amulet of magic regeneration
 y - a +6 ring of dexterity (left hand)
Wands
 w - a wand of mindburst (9)
 A - a wand of light (5)
Scrolls
 k - 2 scrolls of blinking {unknown}
 l - 2 scrolls of butterflies {unknown}
 n - a scroll of enchant weapon {unknown}
 q - 2 scrolls of amnesia {unknown}
 t - 2 scrolls of teleportation {unknown}
 x - a scroll of brand weapon {unknown}
 B - a scroll of identify {unknown}
Potions
 d - a potion of might
 f - 2 potions of heal wounds {unknown}
 g - 2 potions of mutation {unknown}
 h - a potion of brilliance {unknown}
 i - 2 potions of enlightenment {unknown}
 m - a potion of attraction {unknown}
 o - 2 potions of ambrosia {unknown}
 p - a potion of resistance {unknown}
 s - a potion of magic {unknown}


   Skills:
 + Level 5.8 Fighting
 + Level 4.7 Maces & Flails
 + Level 5.8 Armour
 + Level 5.8 Shields


You had 7 spell levels left.
You didn't know any spells.
Your spell library contained the following spells:

 Spells                   Type           Power      Damage    Failure   Level
 Sandblast                Erth           0%         2d4       75%         1
 Passwall                 Tmut/Erth      0%         N/A       87%         2
 Poisonous Vapours        Pois/Air       0%         N/A       87%         2
 Mephitic Cloud           Conj/Pois/Air  0%         N/A       98%         3
 Stone Arrow              Conj/Erth      0%         3d7       98%         3
 Petrify                  Tmut/Erth      0%         N/A       100%        4
 Freezing Cloud           Conj/Ice/Air   0%         6-21      100%        5
 Irradiate                Conj/Tmut      0%         3d11      100%        5
 Sublimation of Blood     Necr           Unusable   N/A       N/A         2

Dungeon Overview and Level Annotations

Branches:
Dungeon (5/15)             Temple (1/1) D:5

Altars:
Ashenzari
Elyvilon
Nemelex Xobeh
Qazlal
Ru
Trog
Vehumet
Wu Jian
Xom
Yredelemnul
Zin
The Shining One

Shops:
D:2 [   D:4 *?(


Innate Abilities, Weirdness & Mutations

You are immune to sickness and miasma.
Your stone body is resilient. (AC +5)
You are immune to poison.
You resist negative energy. (rN+)
You are resistant to electric shocks. (rElec)
You are resistant to unholy torment.
You are immune to petrification.


Message History

The jelly is heavily wounded.
You hit the jelly but do no damage.
Your hands burn!
The jelly is heavily wounded.
The jelly barely misses you.
You hit the jelly.
Your hands burn!
The jelly is heavily wounded.
You block the jelly's attack.
You are too injured to fight recklessly!
You are too injured to fight recklessly!
You are too injured to fight recklessly!
You completely miss the jelly.
The jelly is heavily wounded.
The jelly closely misses you.
You hit the jelly.
Your hands burn!
The jelly is heavily wounded.
You block the jelly's attack.
You hit the jelly but do no damage.
Your hands burn!
The jelly is heavily wounded.
The jelly hits you but does no damage.
You hit the jelly.
Your hands burn!
* * * LOW HITPOINT WARNING * * *
The jelly is severely wounded.
The jelly hits you but does no damage.
You hit the jelly.
Your hands burn!
* * * LOW HITPOINT WARNING * * *
The jelly is severely wounded.
The jelly closely misses you.
You hit the jelly.
Your hands burn!
* * * LOW HITPOINT WARNING * * *
The jelly is almost dead.
The jelly barely misses you.
You hit the jelly but do no damage. The acid corrodes you!
Your hands burn!
* * * LOW HITPOINT WARNING * * *
The jelly is almost dead.
You hit the jelly but do no damage. The acid corrodes you!
Your hands burn!
* * * LOW HITPOINT WARNING * * *
The jelly is almost dead.
The jelly completely misses you.
You hit the jelly but do no damage.
Your hands burn!
You die...

#.#.##....... .. #.#..#....... .
#.##.#....... [ .. #.#....... .##
#####.#....... #.. #.....#.......
#.# #.....#.......
#J#.#####.#...#### ###.
#@#.......#.#..... ....
#.######..#.#.#### ....
#.........#.#..... .... ######
#######.#...#....# #### #....#
#.......#..#.. ##8# #....#
#.#........### #.>####....######
#.#######...## #.8.............#
#...........##
#...............####..#........##


You could see a jelly.

Vanquished Creatures
  A water moccasin (D:5)
  An ice beast (D:5)
  An ogre (D:4)
  A centaur (D:5)
  2 scorpions (D:5)
  A jelly (D:5)
  An orc priest (D:3)
  4 iguanas
  Jessica (D:2)
  An orc wizard (D:4)
  5 adders
  3 gnolls (D:4)
  A shadow imp (D:5)
  A white imp (D:5)
  An ufetubus (D:5)
  A worm (D:2)
  4 dart slugs
  14 orcs
  7 bats
  6 endoplasms
  2 giant cockroaches
  4 goblins
  6 hobgoblins
  A jackal (D:4)
  4 quokkas
  5 ball pythons
  A frilled lizard (D:1)
  5 kobolds
  2 rats (D:1)
87 creatures vanquished.

Notes
Turn   | Place    | Note
-------+----------+-------------------------------------------
     0 | D:1      | soulesssniper the Gargoyle Fighter began the quest for the
                  | Orb.
     0 | D:1      | Reached XP level 1. HP: 14/14 MP: 1/1
   186 | D:1      | Reached XP level 2. HP: 19/19 MP: 2/2
   689 | D:1      | Reached XP level 3. HP: 23/23 MP: 3/3
  1195 | D:2      | Noticed Jessica
  1205 | D:2      | Killed Jessica
  1206 | D:2      | Reached XP level 4. HP: 16/29 MP: 4/4
  1551 | D:2      | Found Potzistro's Antique Armour Boutique.
  1940 | D:3      | Reached XP level 5. HP: 13/33 MP: 5/5
  2782 | D:4      | Noticed an ogre
  2789 | D:4      | Killed an ogre
  2790 | D:4      | Reached XP level 6. HP: 6/39 MP: 6/6
  3014 | D:4      | Found Fexzaorph's Assorted Antiques.
  3015 | D:4      | Found Hiebb's Magic Scroll Emporium.
  3016 | D:4      | Found Keylyb's Weapon Shoppe.
  3615 | D:4      | Reached skill level 5 in Fighting
  3722 | D:5      | Entered Level 5 of the Dungeon
  3731 | D:5      | Noticed a water moccasin
  3746 | D:5      | Killed a water moccasin
  3747 | D:5      | Reached skill level 5 in Armour
  3747 | D:5      | Reached skill level 5 in Shields
  3747 | D:5      | Reached XP level 7. HP: 18/44 MP: 7/7
  3987 | D:5      | Found a staircase to the Ecumenical Temple.
  4077 | Temple   | Entered the Ecumenical Temple
  4077 | Temple   | Noticed a Tzitzimitl
  4077 | Temple   | Noticed an Executioner
  4077 | Temple   | Noticed a blizzard demon
  4077 | Temple   | Noticed a ynoxinul
  4077 | Temple   | Noticed a hellwing
  4077 | Temple   | Noticed a Tzitzimitl
  4077 | Temple   | Noticed a chaos spawn
  4077 | Temple   | Noticed a Hell Sentinel
  4077 | Temple   | Noticed a hell beast
  4078 | Temple   | Noticed Utrueg the pandemonium lord
  4078 | Temple   | Noticed a red devil
  4078 | Temple   | Noticed Oczean the pandemonium lord
  4079 | Temple   | Noticed Aseidwud the pandemonium lord
  4079 | Temple   | Noticed Dueqysh the pandemonium lord
  4079 | Temple   | Noticed a smoke demon
  4079 | Temple   | Noticed a hellwing
  4080 | Temple   | Noticed a Tzitzimitl
  4081 | Temple   | Noticed Epyism the pandemonium lord
  4081 | Temple   | Noticed an ice devil
  4104 | Temple   | Noticed a hellion
  4188 | Temple   | Noticed a blizzard demon
  4230 | Temple   | Noticed an Executioner
  4230 | Temple   | Noticed Vatiatay the pandemonium lord
  4230 | Temple   | Noticed a chaos spawn
  4306 | Temple   | Became a worshipper of Qazlal Stormbringer
  4498 | D:5      | Reached XP level 8. HP: 45/51 MP: 8/8
  4662 | D:5      | HP: 1/51 [acid (5)]
  4663 | D:5      | Splashed by a jelly's acid

Illustrated notes

Levels and vault maps discovered:
D:1:      ncdulo_smallfort, layout_basic
D:2:      layout_basic, serial_shops, shop, uniq_jessica
D:3:      layout_basic
D:4:      minmay_diamond_boxcup, layout_loops_ring, serial_bayou_pond_a,
          nrook_mini_backslash, nicolae_wooded_promenade, kennysheep_crisscross
D:5:      layout_basic, temple_statues
Temple:   nicolae_temple_panitentiary

Skill      XL: |  1  2  3  4  5  6 |
---------------+-------------------+-----
Fighting       | 4 5 |  5.8
Shields        | 4 5 |  5.8
Armour         | 4 5 |  5.8
Maces & Flails | 3 4 |  4.7

Action                     |  1- 3 |  4- 6 |  7- 9 || total
---------------------------+-------+-------+-------++-------
  Melee: Flail             |    47 |       |       ||    47
         Whip              |    50 |   169 |   103 ||   322
  Throw: Dart              |       |     4 |       ||     4
  Evoke: Wand              |       |     2 |       ||     2
 Armour: Scale mail        |    44 |    55 |    42 ||   141
  Dodge: Dodged            |    42 |    54 |    34 ||   130
  Block: Buckler           |    15 |    34 |    18 ||    67

Table legend: (Time is in decaauts)
 A = Elapsed time spent in this place.
 B = Non-inter-level travel time spent in this place.
 C = Inter-level travel time spent in this place.
 D = Time resting spent in this place.
 E = Time spent auto-exploring this place.
 F = Levels seen in this place.
 G = Mean time per level.
                   A        B        C        D        E       F      G
               +--------+--------+--------+--------+--------+-----+--------+
         Total |   4669 |   4479 |    190 |      6 |   3705 |   6 |  778.2 |
       Dungeon |   4424 |   4234 |    190 |      6 |   3517 |   5 |  884.8 |
        Temple |    244 |    244 |      0 |      0 |    188 |   1 |  244.0 |
               +--------+--------+--------+--------+--------+-----+--------+

Top non-repeatable levels by time:
     D:4: 1125 daAuts
     D:2: 1017 daAuts
     D:3: 846 daAuts
     D:1: 749 daAuts
     D:5: 686 daAuts
  Temple: 244 daAuts
